 Dungeon Crawl Stone Soup version 0.22.0-75-g3901e79 (console) character file.

5909 erker the Martial Artist (level 10, -4/75 HPs)
             Began as an Octopode Transmuter on Sept 14, 2018.
             Was a Believer of Cheibriados.
             Slain by a yak (10 damage)
             ... on level 9 of the Dungeon.
             The game lasted 00:40:16 (9181 turns).

erker the Martial Artist (Octopode Transmuter)      Turns: 9181, Time: 00:40:17

Health: -4/75      AC:  7    Str: 17    XL:     10   Next: 82%
Magic:  9/18       EV: 15    Int: 25    God:    Cheibriados [**....]
Gold:   376        SH:  0    Dex: 24    Spells: 10/20 levels left

rFire    . . .     SeeInvis .     - Unarmed
rCold    + + +     Gourm    .   (shield currently unavailable)
rNeg     . . .     Faith    .   (helmet currently unavailable)
rPois    +         Spirit   .   (no amulet)
rElec    .         Reflect  .   s - ring of protection from fire
rCorr    .         Harm     .   C - +5 ring of dexterity
MR       +....                  (no ring)
Stlth    ++++......             (no ring)
HPRegen  0.22/turn              (no ring)
MPRegen  0.16/turn              (no ring)
                                (no ring)
                                (no ring)

@: about to teleport, ice-form, very slow
A: large, almost no armour, stealthy swim, amphibious, 8 rings, (constrict 8),
magic resistance 1, strong 1
a: End Transformation, Bend Time, Renounce Religion


You were on level 9 of the Dungeon.
You worshipped Cheibriados.
Cheibriados was pleased with you.
You were hungry.
You were a creature of crystalline ice.
You visited 2 branches of the dungeon, and saw 10 of its levels.

You collected 466 gold pieces.
You spent 90 gold pieces at shops.

Inventory:

Hand Weapons
 w - a +0 blowgun
Missiles
 a - 122 arrows
 e - 8 javelins
 t - 7 steel javelins (quivered)
 v - 15 poisoned needles
 y - 88 sling bullets
 F - 3 steel tomahawks
 H - 31 bolts
 N - 6 tomahawks
Jewellery
 s - a ring of protection from fire (left front paw)
 C - a +5 ring of dexterity (right front paw)
Wands
 x - a wand of enslavement (14)
 B - a wand of iceblast (16)
 J - a wand of flame (43)
 L - a wand of digging (36)
 M - a wand of polymorph (13)
Scrolls
 b - 3 scrolls of fear {unknown}
 g - 12 scrolls of remove curse {unknown}
 h - 2 scrolls of enchant armour {unknown}
 k - 2 scrolls of blinking {unknown}
 l - 2 scrolls of fog {unknown}
 m - 3 scrolls of teleportation
 n - a scroll of immolation {unknown}
 o - 2 scrolls of random uselessness {unknown}
 z - a scroll of enchant weapon {unknown}
 D - 2 scrolls of brand weapon {unknown}
 G - a scroll of identify
 I - a scroll of magic mapping {unknown}
Potions
 d - 2 potions of flight
 f - 3 potions of curing
 i - 2 potions of might
 j - a potion of haste
 p - a potion of resistance {unknown}
 q - 4 potions of heal wounds
 r - 2 potions of mutation
 u - a potion of degeneration {unknown}
 A - a potion of lignification
 E - 3 potions of magic
Comestibles
 c - 15 rations


   Skills:
 + Level 3.4 Fighting
 + Level 0.7 Throwing
 * Level 6.6 Dodging
 + Level 6.0 Stealth
 + Level 8.4 Unarmed Combat
 + Level 5.9 Spellcasting
 * Level 8.1 Transmutations
 - Level 4.0 Ice Magic
 - Level 2.0 Poison Magic


You had 10 spell levels left.
You knew the following spells:

 Your Spells              Type           Power        Failure   Level  Hunger
a - Beastly Appendage     Tmut           #####.       1%          1    None
s - Spider Form           Tmut/Pois      ####......   2%          3    #......
t - Sticks to Snakes      Tmut           #####...     1%          2    None
y - Ice Form              Ice/Tmut       #####...     6%          4    ###....

Your spell library contained the following spells:

 Spells                   Type           Power        Failure   Level  Hunger
 Ensorcelled Hibernation  Hex/Ice        ###...       4%          2    None
 Corona                   Hex            #......      8%          1    None
 Blade Hands              Tmut           #####.....   8%          5    #####..
 Confuse                  Hex            #.......     22%         3    #......
 Dazzling Spray           Conj/Hex       #.....       22%         3    #......
 Tukima's Dance           Hex            #.......     22%         3    #......


Dungeon Overview and Level Annotations

Branches:
Dungeon (9/15)             Temple (1/1) D:7            Lair (0/6) D:8
    Orc: D:9-12

Altars:
Ashenzari
Cheibriados
Dithmenos
Fedhas
Gozag
Hepliaklqana
Kikubaaqudgha
Makhleb
Nemelex Xobeh
Okawaru
Qazlal
Ru
Sif Muna
Trog
Uskayaw
Vehumet
Wu Jian
Xom
Yredelemnul
Zin
The Shining One

Shops:
D:5 ?


Innate Abilities, Weirdness & Mutations

You cannot wear most types of armour.
You are very stealthy in the water. (Stealth+)
You are amphibious.
You can wear up to eight rings at the same time.
((You can use your tentacles to constrict eight enemies at once.))
((Your skin changes colour to match your surroundings (Stealth+).))
((Your rubbery body absorbs attacks. (AC +1, EV +1)))
You are resistant to hostile enchantments. (MR+)
Your muscles are strong. (Str +2)


Message History

Cheibriados appreciates the change of pace.
You feel your dexterity returning.
Your Stealth skill increases to level 6!
The yak gores your adder! The adder bites your adder.
Your adder dies!
Your adder bites the yak.
The yak is poisoned.
Your adder poisons the yak!
As you read the scroll of teleportation, it crumbles to dust.
You feel strangely unstable.
Your adder bites the yak but does no damage.
The yak gores you! The yak barely misses you. The yak gores you!
A crimson imp comes into view.
The flow of time bends around you.
The adder resists with some effort.
The yak resists with some effort. x5; You feel slightly more hungry.
Your adder barely misses the yak.
The adder bites you but does no damage. The yak barely misses you.
The yak gores you!
* * * LOW HITPOINT WARNING * * *
The yak barely misses you. The yak gores you!
* * * LOW HITPOINT WARNING * * *
The yak gores you!
You die...

## #................. #
######............ .
##............. ..
##((............ ...
###...............
....###.................
.......?................
......S.W)..............
..ยง...YYY...........
.....SYYYY.........
......YYlY........
.................
.................
.....[...........
................
.........5.....


You could see 9 yaks, a hungry ghost, a crimson imp, an adder, a leopard gecko
and a friendly adder.

Vanquished Creatures
  2 two-headed ogres (D:8)
  Pikel (D:4)
  Eustachio (D:6)
  2 yaks (D:9)
  A water moccasin (Temple)
  2 ice beasts
  An orc warrior (D:7)
  4 sky beasts
  2 slaves (D:4)
  An eye of draining (D:8)
  3 centaurs
  7 ogres
  3 phantoms
  A bullfrog (D:7)
  4 scorpions
  5 wights (D:6)
  A centaur zombie (D:6)
  2 crimson imps
  A bullfrog zombie (D:6)
  2 quasits
  5 hounds
  A jelly (D:5)
  2 orc wizards
  A centaur skeleton (D:5)
  An orc priest (D:7)
  4 bullfrog skeletons
  A gnoll shaman (D:6)
  2 iguanas
  Natasha (thrice) (D:3)
  9 worker ants
  Ijyb (D:5)
  A hound skeleton (D:5)
  A worker ant zombie (D:9)
  8 gnolls
  13 adders
  3 shadow imps
  2 adder zombies
  An adder skeleton (D:6)
  2 worms
  A dart slug (D:1)
  6 leopard geckos
  21 orcs
  4 bats
  14 giant cockroaches
  7 goblins
  7 hobgoblins
  5 jackals (D:6)
  3 quokkas
  4 ball pythons
  4 frilled lizards
  11 kobolds
  A quokka skeleton (D:8)
  A quokka zombie (D:5)
  9 rats
205 creatures vanquished.

Vanquished Creatures (collateral kills)
  A centaur (D:8)
  An ogre (D:5)
  A scorpion (D:4)
  A bullfrog zombie (D:6)
  An orc priest (D:3)
  A worker ant (D:4)
  An adder (D:2)
  A shadow imp (D:5)
  An orc (D:9)
  A jackal (D:6)
  A quokka (D:8)
  A jackal skeleton (D:8)
  A rat (D:2)
13 creatures vanquished.

Vanquished Creatures (others)
  Sigmund (D:4)
  A slave (D:4)
  A phantom (D:4)
  An orc (D:4)
  A leopard gecko skeleton (D:4)
5 creatures vanquished.

Grand Total: 223 creatures vanquished

Notes
Turn   | Place    | Note
-------+----------+-------------------------------------------
     0 | D:1      | erker the Octopode Transmuter began the quest for the Orb.
     0 | D:1      | Reached XP level 1. HP: 13/13 MP: 3/3
    70 | D:1      | Reached XP level 2. HP: 8/18 MP: 1/5
   114 | D:1      | Learned a level 2 spell: Sticks to Snakes
   567 | D:1      | Reached XP level 3. HP: 18/23 MP: 4/6
   572 | D:1      | Learned a level 3 spell: Spider Form
   849 | D:2      | Reached skill level 1 in Poison Magic
  1113 | D:2      | Noticed an ogre
  1397 | D:2      | Reached XP level 4. HP: 25/28 MP: 5/7
  1734 | D:2      | Reached XP level 5. HP: 24/33 MP: 1/8
  2837 | D:3      | Noticed Natasha
  2845 | D:3      | Killed Natasha
  2845 | D:3      | Reached skill level 1 in Stealth
  3113 | D:3      | Reached XP level 6. HP: 38/38 MP: 6/10
  3186 | D:3      | Noticed Natasha
  3196 | D:3      | Killed Natasha
  3278 | D:4      | Noticed a slave
  3285 | D:4      | Noticed a slave
  3560 | D:4      | Noticed Sigmund
  3687 | D:4      | Killed a slave
  3734 | D:4      | Noticed Pikel
  3734 | D:4      | Noticed a slave
  3774 | D:4      | Noticed a slave
  3780 | D:4      | Killed a slave
  3797 | D:4      | Killed Pikel
  3797 | D:4      | Reached skill level 5 in Transmutations
  3797 | D:4      | Reached XP level 7. HP: 31/43 MP: 3/12
  3925 | D:4      | Killed Sigmund
  4179 | D:5      | Entered Level 5 of the Dungeon
  4192 | D:5      | Learned a level 4 spell: Ice Form
  4210 | D:5      | Reached skill level 1 in Ice Magic
  4245 | D:5      | Reached XP level 8. HP: 47/49 MP: 5/13
  4504 | D:5      | Found Onuxu's Magic Scroll Boutique.
  4512 | D:5      | Bought a scroll of noise for 15 gold pieces
  4512 | D:5      | Bought a scroll of identify for 30 gold pieces
  4512 | D:5      | Bought a scroll of teleportation for 45 gold pieces
  4881 | D:5      | Reached skill level 5 in Unarmed Combat
  4894 | D:5      | Noticed Ijyb
  4923 | D:5      | Killed Ijyb
  5554 | D:6      | Reached XP level 9. HP: 50/55 MP: 9/15
  5612 | D:6      | Noticed Eustachio
  6166 | D:7      | Found a staircase to the Ecumenical Temple.
  6211 | Temple   | Entered the Ecumenical Temple
  6451 | Temple   | Became a worshipper of Cheibriados the Contemplative
  6613 | D:3      | Noticed Natasha
  6621 | D:3      | Killed Natasha
  7279 | D:6      | Reached skill level 5 in Dodging
  7293 | D:6      | Killed Eustachio
  7660 | D:6      | Reached * piety under Cheibriados
  7750 | D:6      | Reached skill level 5 in Stealth
  7881 | D:6      | Reached XP level 10. HP: 63/63 MP: 14/17
  8191 | D:7      | Reached skill level 5 in Spellcasting
  8241 | D:7      | Reached ** piety under Cheibriados
  8391 | D:8      | Noticed a two-headed ogre
  8398 | D:8      | Killed a two-headed ogre
  8474 | D:8      | Noticed a two-headed ogre
  8483 | D:8      | Killed a two-headed ogre
  8679 | D:8      | Found a staircase to the Lair.
  8975 | D:9      | Gained mutation: You are resistant to hostile enchantments.
                  | (MR+) [potion of mutation]
  8975 | D:9      | Gained mutation: Your muscles are strong. (Str +2) [potion
                  | of mutation]
  9181 | D:9      | Slain by a yak

Skill      XL: |  1  2  3  4  5  6  7  8  9 10 |
---------------+-------------------------------+-----
Transmutations | 3 4 5 6 7 8 |  8.1
Poison Magic   | 1 2 |  2.0
Stealth        | 1 2 3 5 6 |  6.0
Spellcasting   | 3 4 5 |  5.9
Dodging        | 3 4 5 6 |  6.6
Unarmed Combat | 4 5 7 8 |  8.4
Ice Magic      | 2 3 4 |  4.0
Fighting       | 2 3 |  3.4
Throwing       | |  0.7

Action                   |  1- 3 |  4- 6 |  7- 9 | 10-12 || total
-------------------------+-------+-------+-------+-------++-------
Melee: Unarmed           |    68 |   175 |   298 |   108 ||   649
       Constrict         |    17 |    33 |    15 |     5 ||    70
       Kick              |    14 |    16 |     2 |     1 ||    33
       Tentacles         |    11 |    19 |    18 |     4 ||    52
       Punch             |     1 |     3 |     2 |     3 ||     9
Throw: Javelin           |       |       |     8 |       ||     8
 Cast: Beastly Appendage |    15 |    21 |     4 |     1 ||    41
       Sticks to Snakes  |     2 |     7 |     9 |     9 ||    27
       Spider Form       |       |    11 |    14 |     2 ||    27
       Ice Form          |       |       |    16 |     8 ||    24
Invok: Bend Time         |       |       |       |     1 ||     1
Evoke: Wand              |       |       |     6 |     5 ||    11
  Use: Scroll            |       |       |     5 |     3 ||     8
       Potion            |       |       |       |     1 ||     1
 Stab: Sleeping          |     2 |     4 |    11 |     3 ||    20
       Distracted        |       |     1 |       |     1 ||     2
  Eat: Chunk             |     2 |     9 |    18 |     3 ||    32
Armor: Skin              |     6 |     8 |    50 |    19 ||    83
Dodge: Dodged            |    49 |   107 |   206 |    69 ||   431
